cohdb
Replays
Latest Replays
All Replays
Popular Replays
Top Player Replays
Match Explorer
How It Works
Community
CoH3 Stats
Reddit
Sign in to upload your games and track your stats! →
Sign in with Steam
Match 43149524
Unlisted
Match 43149524
Overview
Messages
Build Orders
End
Construct Barracks
Selects Armored Battlegroup
Selects Assault Engineers
Riflemen Squad
Assault Engineer Squad
Riflemen Squad
Riflemen Squad
Grenade Package
Construct Medical Station
Mechanized Support Center
Riflemen Squad
Selects M31 Recovery Vehicle
Construct Motor Pool
Selects War Machine
M8 Greyhound Armored Car
Designate Forward Repair Station
M3 75 mm Gun Motor Carriage
M3 75 mm Gun Motor Carriage
M1918 Browning Automatic Rifles
Assault Engineer Squad
Selects Fast Deploy
Selects M8 Scott SPG
Selects UNKNOWN (2160077)
Riflemen Squad
Construct Tank Depot
M4A3E8 Sherman Easy Eight
M4A3E8 Sherman Easy Eight
M4A3E8 Sherman Easy Eight
SHALDUN
Trion
0
0
Comments
sign in to comment!
No comments posted yet!